 Dungeon Crawl Stone Soup version 0.26-a0-712-ga5a9c9c9d0 (webtiles) character file.

Game seed: 9530390393429705828

125 Drevant2 the Conjurer (level 5, 0/35 HPs)
             Began as a Human Hedge Wizard on Oct 31, 2020.
             Slain by a centaur (3 damage)
             ... on level 3 of the Dungeon.
             The game lasted 00:08:04 (3502 turns).

Drevant2 the Conjurer (Human Hedge Wizard)          Turns: 3502, Time: 00:08:05

Health: 0/35       AC:  2    Str: 11    XL:     5   Next: 30%
Magic:  20/20      EV: 16    Int: 14    God:
Gold:   143        SH:  0    Dex: 15    Spells: 10/11 levels left

rFire    . . .     SeeInvis .   a - +0 dagger
rCold    . . .     Faith    .   (no shield)
rNeg     . . .     Spirit   .   b - +0 robe
rPois    .         Reflect  .   c - +0 hat
rElec    .         Harm     .   (no cloak)
rCorr    .         Rampage  .   (no gloves)
MR       .....                  (no boots)
Stlth    ++........             (no amulet)
HPRegen  0.11/turn              i - +4 ring of evasion
MPRegen  0.17/turn              g - ring of magical power

@: no status effects
A: agile 1, blink, high mp 1
a: Blink


You were on level 3 of the Dungeon.
You visited 1 branch of the dungeon, and saw 3 of its levels.

You collected 143 gold pieces.

Inventory:

Hand Weapons
 a - a +0 dagger (weapon)
Armour
 b - a +0 robe (worn)
 c - a +0 hat (worn)
Jewellery
 d - an uncursed ring of positive energy
 g - a ring of magical power (right hand)
 h - a +6 ring of strength
 i - a +4 ring of evasion (left hand)
 m - a +6 ring of dexterity {unknown}
Scrolls
 k - a scroll of magic mapping {unknown}
 l - a scroll of random uselessness {unknown}
 n - a scroll of teleportation {unknown}


   Skills:
 - Level 2.0 Dodging
 - Level 2.0 Stealth
 + Level 3.8 Spellcasting
 * Level 3.9 Conjurations
   Level 1.0 Summonings
   Level 1.0 Translocations


You had 10 spell levels left.
You knew the following spells:

 Your Spells              Type           Power        Failure   Level
a - Magic Dart            Conj           ##..         4%          1

Your spell library contained the following spells:

 Spells                   Type           Power        Failure   Level
 Blink                    Tloc           N/A          21%         2
 Call Imp                 Summ           #.......     21%         2
 Conjure Flame            Conj/Fire      #.......     26%         3
 Slow                     Hex            #.......     30%         2
 Mephitic Cloud           Conj/Pois/Air  #.......     34%         3


Dungeon Overview and Level Annotations

Branches:
Dungeon (3/15)

Altars:
Gozag
Hepliaklqana
Kikubaaqudgha
Ru
Trog


Innate Abilities, Weirdness & Mutations

You are agile. (Dex +2)
You can translocate small distances at will.
You have an increased reservoir of magic. (+10% MP)


Message History

You closely miss the centaur.
The centaur is moderately wounded.
The centaur closely misses you.
You bump into the rock wall.
You feel less invigorated.
You feel less confused. The centaur misses you. The centaur hits you.
You hit the centaur but do no damage.
The centaur is moderately wounded.
The centaur barely misses you.
You hit the centaur but do no damage.
The centaur is moderately wounded.
The centaur hits you. The centaur closely misses you.
You hit the centaur.
The centaur is heavily wounded.
The centaur hits you!
* * * LOW HITPOINT WARNING * * *
You hit the centaur but do no damage.
The centaur is heavily wounded.
The centaur hits you.
You die...

.###..####.# #.#.# #.# #.#(
..##..# #.#####.#.##### #.# #.#.
..##..####.............# #.# #.#
...............#.......###.###.#
..##..####.###...####.......(..#
..##>.# #.# ###.# ##.###.#####
......# ..# #.# #.# #.# ..##..#
.### #(# #.# #.# .. #..##. #@#
#.# #.# #..## #.c...... ..# #..
#######.. .## ### #


You could see a centaur.

Vanquished Creatures
  A hound (D:3)
  3 adders (D:2)
  2 worms (D:2)
  A dart slug (D:1)
  A leopard gecko (D:1)
  An orc (D:3)
  A ball python (D:1)
  A giant cockroach (D:1)
  6 goblins
  6 hobgoblins
  11 jackals
  2 quokkas
  6 bats
  3 frilled lizards
  2 kobolds
  12 rats
59 creatures vanquished.

Notes
Turn   | Place    | Note
-------+----------+-------------------------------------------
     0 | D:1      | Drevant2 the Human Hedge Wizard began the quest for the
                  | Orb.
     0 | D:1      | Reached XP level 1. HP: 13/13 MP: 4/4
   242 | D:1      | Reached XP level 2. HP: 19/19 MP: 6/6
   931 | D:1      | Reached XP level 3. HP: 24/24 MP: 4/7
  2020 | D:2      | Found a hazy altar of Hepliaklqana.
  2028 | D:2      | Reached XP level 4. HP: 25/30 MP: 9/9
  3263 | D:3      | Noticed a centaur
  3294 | D:3      | Reached XP level 5. HP: 29/35 MP: 10/10
  3384 | D:3      | Found an ancient bone altar of Kikubaaqudgha.
  3384 | D:3      | Found a bloodstained altar of Trog.
  3403 | D:3      | Found an opulent altar of Gozag.
  3435 | D:3      | Found a sacrificial altar of Ru.
  3474 | D:3      | Gained mutation: You can translocate small distances at
                  | will. [potion of mutation]
  3474 | D:3      | Gained mutation: You have an increased reservoir of magic.
                  | (+10% MP) [potion of mutation]
  3474 | D:3      | Gained mutation: You are agile. (Dex +2) [potion of
                  | mutation]
  3502 | D:3      | Slain by a centaur

Illustrated notes

Levels and vault maps discovered:
D:1:      lemuel_arrival_muddy, layout_basic, chequers_serial_rivers_room_a,
          grunt_decor_mini_mirrors, chequers_serial_rivers_small_b,
          chequers_serial_rivers_room_b
D:2:      wad_pebble_path, layout_basic, overflow_temple_1_default
D:3:      layout_loops_ring, gammafunk_temple_overflow_elements,
          chequers_temple_overflow_statue_of_worship

Skill      XL: |  1  2  3 |
---------------+----------+-----
Conjurations   | 2 3 |  3.9
Dodging        | |  2.0
Stealth        | |  2.0
Spellcasting   | |  3.8
Summonings     | |  1.0
Translocations | |  1.0

Action                   |  1- 3 |  4- 6 || total
-------------------------+-------+-------++-------
Melee: Dagger            |    45 |    64 ||   109
 Cast: Magic Dart        |    60 |    86 ||   146
  Use: Scroll            |     1 |     1 ||     2
       Potion            |       |     4 ||     4
 Stab: Sleeping          |     3 |     1 ||     4
Armor: Robe              |    19 |    12 ||    31
Dodge: Dodged            |    51 |    91 ||   142

Table legend: (Time is in decaauts)
 A = Elapsed time spent in this place.
 B = Non-inter-level travel time spent in this place.
 C = Inter-level travel time spent in this place.
 D = Time resting spent in this place.
 E = Time spent auto-exploring this place.
 F = Levels seen in this place.
 G = Mean time per level.
                   A        B        C        D        E       F      G
               +--------+--------+--------+--------+--------+-----+--------+
         Total |   3504 |   3425 |     79 |   1252 |   1713 |   3 | 1168.0 |
       Dungeon |   3504 |   3425 |     79 |   1252 |   1713 |   3 | 1168.0 |
               +--------+--------+--------+--------+--------+-----+--------+

Top non-repeatable levels by time:
     D:1: 1633 daAuts
     D:2: 1017 daAuts
     D:3: 853 daAuts
